General information
- name: BNet
- type: Ladder 1vs1/FFA
- host: Battle.net
- saver: TicTacSalesman
map: LostTemple
- players: 2
- length: 98:59
- speed: Fast
- version: 1.26 W3XP
- replay type: Public
» download(230 KB)
Players
team 1 (loser)
blakablakablaka (
purple | 14 APM | 1375 actions | 98:58)
6 Death Knight
3 Unholy Aura
2 Death Coil
1 Animate Dead
5 Crypt Lord
3 Spiked Carapace
2 Impale
» actions
| Basic commands | 20 | |
| Build / train | 136 | |
| Enter build submenu | 80 | |
| Enter hero's abilities submenu | 11 | |
| Give item / drop item | 1 | |
| Right click | 348 | |
| Select / deselect | 654 | |
| Use ability | 125 | |
1375 total
» units
| Acolyte | 18 | |
| Ghoul | 10 | |
| Crypt Fiend | 26 | |
| Frost Wyrm | 19 | |
73 total
» upgrades
| Creature Carapace | 3 | |
| Web | 2 | |
| Creature Attack | 3 | |
| Ghoul Frenzy | 1 | |
| Freezing Breath | 1 | |
10 total
» buildings
| Crypt | 2 | |
| Ziggurat | 43 | |
| Altar of Darkness | 2 | |
| Halls of the Dead | 2 | |
| Graveyard | 2 | |
| Black Citadel | 2 | |
| Sacrificial Pit | 2 | |
| Boneyard | 2 | |
| Spirit Tower | 32 | |
| Necropolis | 8 | |
| Nerubian Tower | 3 | |
| Tomb of Relics | 1 | |
101 total
» build order
00:15 Crypt
00:32 Ziggurat
00:46 Ziggurat
01:08 Altar of Darkness
02:30 Ziggurat
03:05 Halls of the Dead
03:36 Graveyard
03:49 Ziggurat
04:52 Ziggurat
09:55 Black Citadel
11:26 Ziggurat
12:50 Ziggurat
13:03 Sacrificial Pit
13:35 Ziggurat
14:01 Boneyard
17:18 Ziggurat
20:27 Spirit Tower
21:05 Necropolis
24:33 Spirit Tower
24:50 Spirit Tower
26:57 Spirit Tower
28:48 Ziggurat
30:57 Spirit Tower
32:31 Spirit Tower
33:15 Ziggurat
34:10 Ziggurat
34:38 Spirit Tower
45:35 Spirit Tower
46:51 Ziggurat
48:03 Spirit Tower
48:06 Ziggurat
49:53 Spirit Tower
53:38 Ziggurat
54:46 Spirit Tower
55:38 Ziggurat
56:42 Spirit Tower
56:56 Necropolis
57:02 Necropolis
57:12 Necropolis
57:17 Necropolis
57:26 Necropolis
57:35 Necropolis
57:44 Necropolis
57:58 Ziggurat
58:08 Crypt
58:15 Ziggurat
58:26 Ziggurat
59:31 Halls of the Dead
60:03 Nerubian Tower
60:05 Nerubian Tower
60:21 Graveyard
60:27 Nerubian Tower
61:04 Ziggurat
61:22 Tomb of Relics
62:04 Sacrificial Pit
62:07 Spirit Tower
62:12 Ziggurat
62:30 Altar of Darkness
62:42 Ziggurat
63:14 Spirit Tower
65:49 Spirit Tower
68:03 Ziggurat
73:17 Ziggurat
73:44 Ziggurat
74:01 Ziggurat
74:14 Spirit Tower
74:57 Spirit Tower
75:21 Ziggurat
76:05 Black Citadel
77:17 Spirit Tower
77:25 Ziggurat
77:35 Ziggurat
78:12 Ziggurat
78:22 Ziggurat
78:24 Spirit Tower
78:33 Spirit Tower
79:03 Boneyard
79:18 Spirit Tower
79:46 Spirit Tower
80:06 Ziggurat
80:28 Ziggurat
81:04 Spirit Tower
81:21 Spirit Tower
84:26 Ziggurat
84:58 Ziggurat
85:08 Ziggurat
85:37 Spirit Tower
85:52 Ziggurat
86:05 Spirit Tower
86:23 Spirit Tower
86:45 Spirit Tower
87:21 Ziggurat
87:37 Ziggurat
88:22 Spirit Tower
88:32 Ziggurat
88:39 Spirit Tower
89:18 Spirit Tower
89:33 Spirit Tower
89:50 Ziggurat
90:04 Ziggurat
90:29 Ziggurat
» items
team 2 (winner)
TicTacSalesman (
blue | 45 APM | 4423 actions | 98:59)
6 Archmage
2 Blizzard
3 Brilliance Aura
1 Mass Teleport
5 Blood Mage
3 Flame Strike
2 Siphon Mana
5 Paladin
2 Holy Light
3 Divine Shield
» actions
| Assign group hotkey | 71 | |
| Basic commands | 127 | |
| Build / train | 196 | |
| ESC pressed | 8 | |
| Enter build submenu | 109 | |
| Enter hero's abilities submenu | 16 | |
| Give item / drop item | 13 | |
| Right click | 1302 | |
| Select / deselect | 1290 | |
| Select group hotkey | 488 | |
| Use ability | 802 | |
4423 total
» units
| Peasant | 38 | |
| Goblin Shredder | 2 | |
| Goblin Zeppelin | 3 | |
| Dragonhawk Rider | 9 | |
| Sorceress | 3 | |
| Flying Machine | 7 | |
| Siege Engine | 2 | |
| Priest | 1 | |
65 total
» upgrades
| Swords | 3 | |
| Armor | 3 | |
| Masonry | 3 | |
| Magic Sentry | 1 | |
| Sorceress Training | 2 | |
| Cloud | 1 | |
| Storm Hammers | 1 | |
| Flak Cannons | 1 | |
| Animal War Training | 1 | |
| Gunpowder | 3 | |
| Plating | 3 | |
| Barrage | 1 | |
| Lumber Harvesting | 1 | |
| Priest Training | 2 | |
26 total
» buildings
| Altar of Kings | 2 | |
| Farm | 27 | |
| Lumber Mill | 4 | |
| Arcane Vault | 2 | |
| Scout Tower | 106 | |
| Arcane Tower | 9 | |
| Town Hall | 8 | |
| Guard Tower | 25 | |
| Keep | 2 | |
| Blacksmith | 3 | |
| Castle | 3 | |
| Arcane Sanctum | 3 | |
| Gryphon Aviary | 7 | |
| Barracks | 3 | |
| Workshop | 3 | |
207 total
» build order
00:04 Altar of Kings
00:16 Farm
00:31 Farm
00:43 Lumber Mill
01:00 Arcane Vault
01:41 Scout Tower
02:52 Farm
02:54 Arcane Tower
03:29 Town Hall
03:34 Scout Tower
03:35 Scout Tower
04:24 Guard Tower
04:25 Scout Tower
04:25 Scout Tower
04:29 Scout Tower
04:30 Scout Tower
05:03 Guard Tower
05:05 Scout Tower
05:05 Scout Tower
05:09 Scout Tower
05:15 Guard Tower
05:38 Guard Tower
05:41 Scout Tower
05:42 Scout Tower
05:52 Arcane Tower
06:37 Guard Tower
06:40 Scout Tower
06:40 Scout Tower
06:41 Scout Tower
06:42 Scout Tower
06:43 Scout Tower
06:44 Scout Tower
06:45 Scout Tower
06:45 Scout Tower
07:05 Guard Tower
07:08 Keep
07:10 Scout Tower
07:11 Scout Tower
07:11 Scout Tower
07:12 Scout Tower
07:14 Scout Tower
07:16 Scout Tower
07:17 Scout Tower
07:46 Guard Tower
07:54 Scout Tower
07:57 Scout Tower
07:58 Scout Tower
08:00 Scout Tower
08:07 Guard Tower
08:17 Farm
08:20 Farm
08:27 Arcane Tower
08:28 Guard Tower
08:57 Guard Tower
09:03 Blacksmith
09:04 Blacksmith
09:29 Guard Tower
09:29 Castle
09:29 Castle
10:32 Arcane Sanctum
10:32 Arcane Sanctum
10:35 Gryphon Aviary
10:35 Gryphon Aviary
10:36 Gryphon Aviary
11:10 Barracks
11:10 Workshop
11:13 Barracks
11:14 Workshop
11:16 Barracks
18:03 Town Hall
18:07 Scout Tower
18:08 Scout Tower
18:09 Scout Tower
18:10 Scout Tower
18:12 Scout Tower
18:12 Scout Tower
18:13 Scout Tower
18:14 Scout Tower
18:15 Scout Tower
18:17 Scout Tower
18:17 Scout Tower
18:18 Scout Tower
18:19 Scout Tower
18:20 Scout Tower
18:21 Scout Tower
18:58 Farm
19:55 Arcane Tower
19:55 Arcane Tower
19:55 Guard Tower
20:33 Farm
20:34 Farm
20:35 Farm
20:35 Farm
20:37 Farm
20:38 Farm
22:00 Gryphon Aviary
22:00 Gryphon Aviary
22:30 Scout Tower
22:31 Scout Tower
22:32 Scout Tower
22:33 Scout Tower
22:39 Scout Tower
22:41 Scout Tower
22:43 Scout Tower
22:44 Scout Tower
22:46 Scout Tower
22:46 Scout Tower
22:47 Scout Tower
22:48 Scout Tower
23:06 Scout Tower
23:07 Scout Tower
23:08 Scout Tower
23:09 Scout Tower
23:11 Scout Tower
23:12 Scout Tower
23:13 Scout Tower
23:14 Scout Tower
23:15 Scout Tower
23:16 Scout Tower
23:43 Arcane Tower
23:45 Guard Tower
23:57 Guard Tower
25:08 Guard Tower
25:13 Town Hall
28:11 Lumber Mill
29:24 Scout Tower
29:25 Scout Tower
29:26 Scout Tower
29:27 Scout Tower
29:29 Scout Tower
29:29 Scout Tower
29:37 Scout Tower
29:38 Scout Tower
29:39 Scout Tower
30:09 Guard Tower
30:33 Guard Tower
30:35 Arcane Tower
30:42 Scout Tower
31:26 Arcane Tower
31:33 Scout Tower
31:37 Scout Tower
33:36 Keep
33:44 Altar of Kings
33:47 Arcane Vault
34:53 Arcane Tower
34:59 Scout Tower
35:00 Scout Tower
35:01 Scout Tower
35:02 Scout Tower
35:03 Scout Tower
36:33 Castle
37:28 Scout Tower
37:29 Scout Tower
37:30 Scout Tower
37:51 Arcane Sanctum
38:22 Guard Tower
38:26 Gryphon Aviary
38:29 Gryphon Aviary
38:42 Farm
38:44 Workshop
39:12 Farm
39:13 Farm
39:14 Farm
39:15 Farm
39:15 Farm
39:16 Farm
39:55 Farm
39:59 Farm
40:01 Scout Tower
40:11 Scout Tower
40:12 Scout Tower
40:13 Scout Tower
41:15 Guard Tower
41:16 Scout Tower
41:17 Scout Tower
41:48 Guard Tower
41:50 Scout Tower
44:02 Guard Tower
44:28 Farm
44:29 Farm
44:31 Farm
44:31 Farm
45:11 Farm
46:58 Blacksmith
47:02 Scout Tower
47:08 Scout Tower
47:09 Scout Tower
47:10 Scout Tower
48:26 Guard Tower
48:51 Scout Tower
48:52 Scout Tower
48:53 Scout Tower
48:54 Scout Tower
49:42 Lumber Mill
51:03 Lumber Mill
51:09 Guard Tower
54:01 Scout Tower
54:02 Scout Tower
55:03 Guard Tower
55:05 Scout Tower
55:33 Guard Tower
62:53 Town Hall
77:52 Town Hall
83:02 Town Hall
83:05 Town Hall
85:43 Town Hall
» items
| Mechanical Critter | 6 | |
| Lesser Clarity Potion | 5 | |
| Scroll of Regeneration | 7 | |
| Potion of Mana | 2 | |
| Potion of Healing | 5 | |
| Boots of Speed | 4 | |
| Potion of Invisibility | 2 | |
| Potion of Lesser Invulnerability | 1 | |
| Staff of Teleportation | 4 | |
| Periapt of Vitality | 3 | |
| Staff of Sanctuary | 3 | |
| Orb of Fire | 1 | |
| Scroll of Healing | 2 | |
| Scroll of Town Portal | 2 | |
47 total
Chat log
(40:23 / All) TicTacSalesman: gg...
(40:28 / All) blakablakablaka: gg
(42:07 / All) TicTacSalesman: :(
(47:38 / All) blakablakablaka: hello
(47:40 / All) TicTacSalesman: hi
(49:06 / All) TicTacSalesman: nooo
(52:03 / All) TicTacSalesman: :O
(52:09 / All) TicTacSalesman: plz go awai
(52:28 / All) blakablakablaka: :O
(52:31 / All) TicTacSalesman: i think you killed 1 gyro
(52:32 / All) TicTacSalesman: gg u win
(54:13 / All) TicTacSalesman: you know after you mass fiends and frost the game automatically counts it as a win right?
(54:20 / All) TicTacSalesman: thats why every undead mass fiends and frost
(54:35 / All) TicTacSalesman: so u can leave now
(55:08 / All) TicTacSalesman: seriously why are you still here
(55:40 / All) TicTacSalesman: its game over
(55:41 / All) TicTacSalesman: man
(56:03 / All) TicTacSalesman: i think you should make more crypt fiends
(56:08 / All) TicTacSalesman: they are instant win
(56:27 / All) TicTacSalesman: no need to do anything else
(57:23 / All) TicTacSalesman: your frost wyrm making building died thats instant gg
(58:28 / All) TicTacSalesman: thats not nearly enough frost wyrms
(58:31 / All) TicTacSalesman: you should just leave
(58:48 / All) blakablakablaka: you should have quit a long time ago why are you wasting my time
(58:56 / All) TicTacSalesman: i didnt realize your time was so valuable
(59:08 / All) blakablakablaka: its not
(59:14 / All) TicTacSalesman: really?
(59:17 / All) blakablakablaka: or i wouldnt be playing games
(59:27 / All) TicTacSalesman: then why do you care if i waste it
(59:35 / All) blakablakablaka: dont
(59:43 / All) blakablakablaka: just giving you a hard time
(59:48 / All) TicTacSalesman: hmm backpedal
(59:54 / All) blakablakablaka: lol
(60:12 / All) TicTacSalesman: you never told me why youre still here :)
(61:02 / All) TicTacSalesman: chop chop chop
(64:57 / All) TicTacSalesman: you know whats an awesome way to play undead
(65:11 / All) TicTacSalesman: anything other than dk fiends frost
(65:18 / All) TicTacSalesman: of course thats pure speculation since ive never seen it
(65:39 / All) blakablakablaka: ?
(65:56 / All) TicTacSalesman: ¿ingl
(66:02 / All) TicTacSalesman: ès?
(66:28 / All) blakablakablaka: You ask a rhetorical question...
(66:36 / All) blakablakablaka: asked
(66:43 / All) TicTacSalesman: i do not think rhetorical question means what you think it means
(66:57 / All) blakablakablaka: an awesome way to play undead...
(67:03 / All) TicTacSalesman: yes i asked if you know one
(67:10 / All) TicTacSalesman: you didnt answer so i told you :)
(67:13 / All) blakablakablaka: Oh
(67:42 / All) blakablakablaka: ya i do melee pretty successfully
(67:56 / All) TicTacSalesman: tell me about it
(68:02 / All) TicTacSalesman: you're nearly 50%
(68:07 / All) TicTacSalesman: damned intimidating
(68:22 / All) blakablakablaka: was over 50 just a lazy player
(68:25 / All) TicTacSalesman: mm hm
(68:32 / All) blakablakablaka: as you can see
(68:33 / All) TicTacSalesman: i wonder how many sub 50% players claim laziness
(68:39 / All) TicTacSalesman: probably all of them
(68:55 / All) TicTacSalesman: kinda like "yeah i could get into harvard im just lazy"
(69:12 / All) TicTacSalesman: no one ever thinks of themselves as a dumbass i suppose
(70:41 / All) TicTacSalesman: D o N t F o R g E t Y o U r F r O s T i E s
(70:54 / All) TicTacSalesman: THEYRE GGRRRRRRRREAT
(78:38 / All) TicTacSalesman: do you know what upkeep is
(78:38 / All) TicTacSalesman: lol
(83:39 / All) TicTacSalesman: you need moar bone dragons
(83:53 / All) TicTacSalesman: in fact dont make anything else
(84:36 / All) TicTacSalesman: make sure your food count is above 80
(84:40 / All) TicTacSalesman: that gets you more gold
(87:54 / All) TicTacSalesman: Fun fact: there is exactly 150,000 gold on this map not including creep camps and items
(88:12 / All) blakablakablaka: i figured about that much
(88:48 / All) TicTacSalesman: Did you know 95% of games on this map end in ragequits?
(89:02 / All) blakablakablaka: lol did you make that up?
(89:15 / All) TicTacSalesman: 87% of all statistics are made up.
(90:44 / All) TicTacSalesman: oh noes
(90:50 / All) TicTacSalesman: it was SO close to being empty
(92:29 / All) TicTacSalesman: uh oh
(94:34 / All) TicTacSalesman: aw
(95:55 / All) TicTacSalesman: Fun stuff.
(96:44 / All) blakablakablaka: ok rl bekons my hands
(96:47 / All) TicTacSalesman: lol
(96:54 / All) blakablakablaka: gg
(96:57 / All) TicTacSalesman: "bekons my hands"
(97:01 / All) TicTacSalesman: face save and ragequit
(97:05 / All) blakablakablaka: shit to do
(97:18 / All) TicTacSalesman: you lost a long time ago :)
(97:19 / All) blakablakablaka: you like get angry
(97:29 / All) TicTacSalesman: no i like watching cookie cutter undeads get angry
(97:34 / All) TicTacSalesman: free win :)
(98:50 / All) blakablakablaka: ok have fun buddy
(98:51 / All) TicTacSalesman: whyy
(98:53 / All) TicTacSalesman: wheeee fun